 Dungeon Crawl Stone Soup version 0.21-a0-184-g9126a74 (webtiles) character file.

319258 jlc4533 the Peltast (level 20, 0/153 HPs)
             Began as a Mummy Monk on Aug 10, 2017.
             Was an Initiate of Gozag.
             Killed from afar by Margery (34 damage)
             ... with a fireball
             ... on level 2 of the Vaults on Aug 12, 2017.
             The game lasted 02:56:36 (61122 turns).

jlc4533 the Peltast (Mummy Monk)                   Turns: 61122, Time: 02:56:37

Health: 0/153      AC: 32    Str: 16    XL:     20   Next: 59%
Magic:  27/27      EV: 22    Int: 12    God:    Gozag
Gold:   834        SH: 14    Dex: 24    Spells: 11/19 levels left

rFire    x . .     SeeInvis .   K - +9 demon whip (elec)
rCold    . . .     Gourm    .   n - +0 shield {reflect}
rNeg     + + +     Faith    .   R - +4 pearl dragon scales
rPois    ∞         Spirit   .   x - +2 helmet
rElec    +         Reflect  +   a - +2 cloak {+Inv}
rCorr    .         Harm     .   u - +2 pair of gloves {Dex+3}
MR       +++..                  G - +2 pair of boots
Stlth    ++........             L - amulet of Curiosity {rElec Regen+ Int+2}
HPRegen  0.75/turn              E - ring "Guic" {rPois rC- MR+ Slay+4 Stlth+}
MPRegen  0.20/turn              l - +3 ring of evasion

@: very slightly contaminated
A: no food or potions, fire vulnerability, cold resistance 1, negative energy
resistance 3, torment resistance, unbreathing, in touch with death 1
}: 2/15 runes: decaying, gossamer
a: Potion Petition, Call Merchant, Bribe Branch, Renounce Religion, Evoke
Invisibility


You were on level 2 of the Vaults.
You worshipped Gozag.
Gozag was pleased with you.
You were not hungry.

You visited 7 branches of the dungeon, and saw 34 of its levels.
You also visited: Bailey.

You collected 17828 gold pieces.
You spent 7713 gold pieces at shops.
You paid 9281 gold pieces to Gozag.

Inventory:

Hand Weapons
 K - a +9 demon whip of electrocution (weapon)
 O - the +7 lajatang of Order {silver, rMut}
   (You acquired it on level 9 of the Dungeon)

   It protects you from mutation.
Missiles
 j - a throwing net (quivered)
 r - 10 javelins
Armour
 a - a +2 cloak of invisibility (worn)
 c - +2 fire dragon scales
 n - a +0 shield of reflection (worn)
 t - +1 storm dragon scales
 u - a +2 pair of gloves of dexterity (worn)
 x - a +2 helmet (worn)
 G - a +2 pair of boots (worn)
 R - +4 pearl dragon scales (worn)
Jewellery
 d - the ring "Lesoalloyzu" {rF++ MR+ Int-4}
   (You bought it in a shop on level 2 of the Vaults)

   [ring of protection from magic]

   It affects your intelligence (-4).
   It greatly protects you from fire.
   It affects your resistance to hostile enchantments.
 l - a +3 ring of evasion (right hand)
 v - an uncursed amulet of regeneration
 E - the ring "Guic" (left hand) {rPois rC- MR+ Slay+4 Stlth+}
   (You found it on level 6 of the Dungeon)

   [ring of protection from magic]

   It affects your accuracy and damage with ranged weapons and melee attacks
   (+4).
   It makes you vulnerable to cold.
   It protects you from poison.
   It affects your resistance to hostile enchantments.
   It makes you more stealthy.
 F - an uncursed ring of stealth
 H - an uncursed ring of protection from fire
 I - the ring "Sirucaez" {rElec Str+4 SInv}
   (You bought it in a shop on level 1 of the Vaults)

   [ring of see invisible]

   It affects your strength (+4).
   It insulates you from electricity.
   It lets you see invisible.
 L - the amulet of Curiosity (around neck) {rElec Regen+ Int+2}
   (You bought it in a shop on level 2 of the Vaults)

   [amulet of regeneration]

   It affects your intelligence (+2).
   It insulates you from electricity.
   It increases your rate of regeneration.
Wands
 b - a wand of confusion (4/48)
 e - a wand of disintegration (17/24)
 f - a wand of acid (7/15)
 g - a wand of lightning (7/15)
 o - a wand of digging (5/24)
 s - a wand of digging (5/24)
 J - a wand of iceblast (13/15)
 P - a wand of clouds (4/9)
 V - a wand of iceblast (9/15)
Scrolls
 h - 3 scrolls of immolation
 i - 20 scrolls of remove curse
 k - 4 scrolls of magic mapping
 m - a scroll of fear
 p - 6 scrolls of fog
 q - 12 scrolls of teleportation
 w - a scroll of amnesia
 A - a scroll of torment
 B - a scroll of noise
 C - 7 scrolls of identify
 T - a scroll of vulnerability
 X - a scroll of holy word
Miscellaneous
 y - a lamp of fire
 z - 2 sacks of spiders
 D - a fan of gales
 M - a box of beasts
 N - a lightning rod (4/4)


   Skills:
 - Level 12.0 Fighting
 - Level 12.5(14.4) Maces & Flails
 - Level 12.1(14.1) Staves
 - Level 10.0 Armour
 * Level 12.5 Dodging
 - Level 1.5 Stealth
 - Level 15.1 Shields
 - Level 10.4 Translocations
 - Level 10.2 Evocations


You had 11 spell levels left.
You knew the following spells:

 Your Spells              Type           Power        Failure   Level  Hunger
a - Blink                 Tloc           N/A          2%          2    N/A
b - Gell's Gravitas       Tloc           ####......   4%          3    N/A
d - Lesser Beckoning      Tloc           ####......   4%          3    N/A

Dungeon Overview and Level Annotations

Branches:
Dungeon (15/15)            Temple (1/1) D:6            Lair (6/6) D:9
  Swamp (4/4) Lair:4       Spider (4/4) Lair:3        Slime (0/5) Lair:5
    Orc (2/2) D:9             Elf (0/3) Orc:2        Vaults (2/5) D:13
  Crypt (0/3) Vaults:2     Depths (0/5) D:15

Altars:
Ashenzari
Cheibriados
Dithmenos
Elyvilon
Fedhas
Gozag
Hepliaklqana
Kikubaaqudgha
Makhleb
Nemelex Xobeh
Okawaru
Qazlal
Ru
Sif Muna
Trog
Uskayaw
Vehumet
Wu Jian
Xom
Yredelemnul
Zin
The Shining One
Beogh

Shops:
D:9 [?   D:11 *%   Orc:1 *   Orc:2 *%!*   Vaults:1 =   Vaults:2 ==}=

Annotations:
Spider:1 exclusion: Roxanne, Roxanne
Vaults:2 Margery


Innate Abilities, Weirdness & Mutations

You do not eat or drink.
Your flesh is vulnerable to fire.
You are immune to poison.
Your flesh is cold resistant. (rC+)
You are immune to negative energy. (rN+++)
You are immune to unholy pain and torment.
You can survive without breathing.
You are in touch with the powers of death.


Message History

Margery gestures.
You feel doomed.
Margery points at you and mumbles some strange words.
The fireball explodes!
The fireball engulfs you! The fire burns you terribly!
* * * LOW HITPOINT WARNING * * *
You hear a shout!
As you read the scroll of fear, it crumbles to dust.
You assume a fearsome visage.
Margery resists with some effort.
Margery gestures at you while chanting. The bolt of fire hits you!
* * * LOW HITPOINT WARNING * * *
Evoke which item? (* to show all) (? for menu, Esc to quit)
You reach into the bag... ...but nothing happens.
Margery casts a spell at you. The bolt of fire misses you.
Evoke which item? (* to show all) (? for menu, Esc to quit)
You reach into the bag... ...but nothing happens.
Margery gestures at you while chanting.
The fireball explodes!
The fireball engulfs you! The fire burns you terribly!
You die...
Your body crumbles into a pile of gold.

#......##.......@............
#......##....################
#......##....#
#####'###...@###########
#......#....#.........#
#......#....#.........#
#......'....#....≈.≈..#
#......#....#...≈≈.≈≈.#
#..>...#...@#...≈≈∩≈≈.#
#......#...)'...≈≈≈≈≈.#
#......#....#####≈≈≈###
########..))# #####
##########...)######## $
#........'..((#......#
#........#..(()....(.#
#........#..).#).....#
#...)....#....#......#


You could see Margery.

Vanquished Creatures
  Mara (Swamp:3)
  Saint Roka (Vaults:2)
  Nikola (Swamp:3)
  Jorgrun (Vaults:2)
  A tentacled monstrosity (Swamp:2)
  Asterion (Spider:2)
  Kirke (Swamp:3)
  A thorn hunter (Swamp:2)
  Donald (Swamp:3)
  The ghost of Rhoefr the Warrior, an adept GnIE of Hepliaklqana (Spider:1)
  5 ghost moths
  2 orc warlords
  Aizul (Vaults:2)
  7 emperor scorpions
  5 vault wardens
  A ghoul (Vaults:2)
  A very ugly thing (Swamp:2)
  10 ironheart preservers
  A stone giant (Vaults:2)
  6 entropy weavers
  2 deep elf demonologists (Vaults:1)
  A dire elephant (D:15)
  The ghost of craynaar the Blocker, a journeyman MfIE of Hepliaklqana (Lair:5)
  Nessos (Lair:4)
  A deep elf annihilator (Vaults:1)
  Azrael (Spider:3)
  A spark wasp (Spider:4)
  A deep elf death mage (Vaults:1)
  A yaktaur captain (Vaults:2)
  15 vault guards
  A fire dragon (D:14)
  25 hydras
  6 ogre magi
  3 ice dragons
  A catoblepas (Lair:6)
  6 ghost crabs
  2 death knights
  7 centaur warriors
  19 two-headed ogres
  15 alligators
  2 deep troll shamans
  17 death yaks
  A queen ant (Spider:3)
  A deep troll earth mage (Vaults:2)
  A vampire mage (Vaults:2)
  4 orc high priests (Orc:2)
  A hell knight (Vaults:2)
  2 spriggan berserkers (Swamp:4)
  Nergalle (Lair:2)
  9 skeletal warriors
  A fire crab (shapeshifter) (Vaults:1)
  A shadow wraith (Vaults:1)
  The ghost of UltraMegaBob the Severer, a novice MiFi (Bailey)
  7 deep trolls
  2 glowing orange brains
  4 unseen horrors
  6 wizards
  13 swamp dragons
  2 spriggan druids
  3 deep elf archers (Vaults:1)
  6 ironbrand convokers
  3 shambling mangroves
  A phantasmal warrior (D:10)
  25 orb spiders
  A necromancer (Spider:3)
  11 orc knights
  11 wolf spider zombies
  An orb spider (shapeshifter) (Vaults:1)
  2 lindwurms
  34 ugly things
  32 wolf spiders
  3 orc sorcerers
  2 deep elf magi
  5 cyclopes
  3 manticores
  A salamander (D:15)
  2 black mambas
  2 rust devils (D:9)
  3 moths of wrath
  9 elephants
  Maurice (Orc:2)
  3 torpor snails
  3 vault sentinels
  19 spiny frogs
  4 gargoyles
  8 yaktaurs
  A kobold demonologist (D:14)
  2 efreet
  12 demonic crawlers
  A rime drake (shapeshifter) (Vaults:1)
  3 rime drakes
  13 komodo dragons
  7 redback zombies (Spider:3)
  2 freezing wraiths (D:11)
  A queen bee (Lair:3)
  9 tyrant leeches
  4 polar bears (Lair:6)
  6 trolls
  A tengu simulacrum (Vaults:1)
  A meliai (shapeshifter) (D:14)
  23 hornets
  12 tarantella zombies (Spider:3)
  Prince Ribbit (D:7)
  41 jumping spiders
  A sphinx simulacrum (Vaults:1)
  13 bog bodies
  A raiju (shapeshifter) (Vaults:1)
  A blink frog (shapeshifter) (D:13)
  46 slime creatures
  23 blink frogs
  27 dream sheep
  13 hippogriffs
  4 shadows
  9 spriggans
  A vampire (D:9)
  61 redbacks
  6 wraiths
  69 yaks
  11 basilisks
  27 tarantellas
  9 wyverns
  A human (D:12)
  3 hogs (D:12)
  A golden eye (D:4)
  A fire elemental (Spider:3)
  18 vampire mosquitoes
  A hungry ghost (D:12)
  Menkaure (D:7)
  18 swamp worms
  4 soldier ants (Spider:3)
  14 insubstantial wisps
  An acid dragon (shapeshifter) (Vaults:2)
  Duvessa (D:7)
  2 acid dragons
  5 wargs
  21 water moccasins
  7 porcupines
  5 hell hounds (Spider:3)
  12 swamp drakes
  7 ice beasts
  3 black bears
  A phantom (D:5)
  A sky beast (D:8)
  6 necrophages (D:8)
  45 orc warriors
  An eye of draining (D:12)
  3 boggarts (Vaults:1)
  29 wolves
  19 ogres
  24 centaurs
  19 crocodiles
  5 big kobolds
  29 bullfrogs
  An elf simulacrum (Vaults:1)
  A wyvern skeleton (D:10)
  3 scorpions
  Dowan (D:7)
  24 killer bees (Lair:3)
  14 wights
  5 howler monkeys
  2 electric eels
  4 crimson imps
  19 jellies
  3 bullfrog zombies
  8 hounds
  2 centaur skeletons
  33 orc priests
  32 orc wizards
  Jessica (D:5)
  5 bullfrog skeletons
  5 iguanas
  Terence (D:2)
  18 worker ants
  Natasha (thrice) (D:2)
  A hell rat (Lair:4)
  A hound skeleton (D:5)
  5 worker ant zombies
  A howler monkey zombie (D:11)
  14 gnolls
  14 adders
  8 shadow imps
  An ooze (D:1)
  An adder skeleton (D:8)
  4 worms
  4 dart slugs
  10 leopard geckos
  114 orcs
  9 giant cockroaches
  6 goblins
  17 hobgoblins
  10 jackals
  41 kobolds
  7 quokkas
  A ball python (D:4)
  5 bats
  9 frilled lizards
  A leopard gecko skeleton (D:6)
  A leopard gecko zombie (D:8)
  A quokka skeleton (D:7)
  A quokka zombie (D:5)
  5 rats
  A plant (D:8)
1681 creatures vanquished.

Vanquished Creatures (collateral kills)
  A thorn hunter (Swamp:2)
  A fire dragon (D:12)
  A hydra (D:15)
  A death yak (Lair:6)
  A freezing wraith (D:12)
  3 slime creatures (D:15)
  A hippogriff (D:12)
  4 yaks (D:12)
  An orc (D:12)
14 creatures vanquished.

Vanquished Creatures (others)
  2 hydras (Swamp:4)
  A catoblepas (Lair:6)
  An orc high priest (Orc:2)
  A swamp dragon (Swamp:4)
  An unseen horror (Vaults:1)
  A cyclops (Vaults:1)
  A komodo dragon (Swamp:1)
  A yaktaur (Vaults:2)
  A hornet (Swamp:4)
  A hippogriff (Lair:3)
  A hog (Swamp:3)
  A tarantella (Spider:4)
  2 humans (Swamp:3)
  2 insubstantial wisps
  A sky beast (D:12)
  A killer bee (Lair:3)
  An orc wizard (Vaults:2)
  3 orcs
  3 briar patches (Swamp:2)
  10 bushes
  18 fungi
  39 plants
93 creatures vanquished.

Grand Total: 1788 creatures vanquished

Notes
Turn   | Place    | Note
-------+----------+-------------------------------------------
     0 | D:1      | jlc4533 the Mummy Monk began the quest for the Orb.
     0 | D:1      | Reached XP level 1. HP: 18/18 MP: 1/1
   172 | D:1      | Reached XP level 2. HP: 4/24 MP: 2/2
   963 | D:1      | Reached XP level 3. HP: 8/29 MP: 3/3
  1425 | D:2      | Noticed Terence
  1724 | D:2      | Killed Terence
  1753 | D:2      | Found an ornate altar of the Wu Jian Council.
  1758 | D:2      | Reached XP level 4. HP: 25/35 MP: 4/4
  2173 | D:2      | Noticed Natasha
  2182 | D:2      | Killed Natasha
  2480 | D:2      | Noticed Sigmund
  3143 | D:3      | Reached XP level 5. HP: 34/41 MP: 5/5
  3615 | D:4      | Reached skill level 5 in Maces & Flails
  3914 | D:4      | Noticed an ogre
  3946 | D:4      | Noticed a golden eye
  3946 | D:4      | an ogre changed into a golden eye
  4005 | D:4      | Killed a golden eye
  4005 | D:4      | Reached XP level 6. HP: 47/47 MP: 6/6
  4683 | D:4      | Reached XP level 7. HP: 52/52 MP: 7/7
  4890 | D:4      | Found a hide-covered altar of Uskayaw.
  5090 | D:2      | Noticed Sigmund
  5090 | D:2      | Sigmund changed into Sigmund the iguana
  5097 | D:2      | Killed Sigmund the iguana
  5395 | D:2      | Noticed Natasha
  5402 | D:2      | Killed Natasha
  5420 | D:2      | Noticed Natasha
  5425 | D:2      | Killed Natasha
  5520 | D:5      | Entered Level 5 of the Dungeon
  5936 | D:5      | Reached XP level 8. HP: 58/58 MP: 8/8
  5979 | D:5      | Found a snail-covered altar of Cheibriados.
  6138 | D:5      | Found a bloodstained altar of Trog.
  6411 | D:5      | Noticed Jessica
  6418 | D:5      | Found a deep blue altar of Sif Muna.
  6421 | D:5      | Killed Jessica
  6548 | D:6      | Found a transporter.
  6550 | D:6      | Noticed a centaur warrior
  6601 | D:6      | Found a transporter.
  6601 | D:6      | Found a shimmering altar of Xom.
  6601 | D:6      | Noticed a komodo dragon
  7109 | D:6      | Found a white marble altar of Elyvilon.
  7605 | D:6      | Found a staircase to the Ecumenical Temple.
  7612 | D:6      | Reached skill level 10 in Maces & Flails
  7626 | Temple   | Entered the Ecumenical Temple
  7681 | Temple   | Became a worshipper of Gozag Ym Sagoz the Greedy
  7778 | D:6      | Found a sparkling altar of Nemelex Xobeh.
  7778 | D:6      | Found a sacrificial altar of Ru.
  8016 | D:6      | Found an iron altar of Okawaru.
  8078 | D:6      | Got a scorched copper ring
  8118 | D:6      | Identified the ring "Guic" {rPois rC- MR+ Slay+4 Stlth+} (You found it on level 6 of the Dungeon)
  8128 | D:6      | Reached XP level 9. HP: 53/63 MP: 9/9
  8180 | D:7      | Found a glowing golden altar of the Shining One.
  8611 | D:7      | Noticed Duvessa
  8649 | D:7      | Noticed Dowan
  8681 | D:7      | Killed Dowan
  8769 | D:7      | Noticed Menkaure
  8849 | D:7      | Noticed Prince Ribbit
  8854 | D:7      | Killed Prince Ribbit
  9216 | D:7      | Killed Menkaure
  9297 | D:7      | Killed Duvessa
  9978 | D:8      | Reached XP level 10. HP: 49/70 MP: 10/10
 10649 | D:8      | Found a blossoming altar of Fedhas.
 10670 | D:8      | Reached skill level 5 in Fighting
 11169 | D:9      | Found a staircase to the Lair.
 11207 | D:9      | Found a staircase to the Orcish Mines.
 11527 | D:9      | Identified a scroll of acquirement
 11541 | D:9      | Found a shimmering altar of Xom.
 11997 | D:9      | Reached skill level 1 in Armour
 12165 | D:9      | Found a roughly hewn altar of Beogh.
 12790 | D:10     | Entered Level 10 of the Dungeon
 12832 | D:10     | Killed an unseen horror
 13077 | D:10     | Got a faintly humming robe
 13110 | D:10     | Identified the +2 robe of Juyxesull {MP+9 Int+4} (You found it on level 10 of the Dungeon)
 13184 | D:10     | Reached XP level 11. HP: 71/87 MP: 11/11
 13387 | D:10     | Noticed a green ugly thing
 13392 | D:10     | Killed a green ugly thing
 13470 | D:10     | Reached skill level 5 in Armour
 14229 | D:11     | Found Moesamibu's Assorted Antiques.
 14278 | D:11     | Bought a scroll of identify for 62 gold pieces
 14278 | D:11     | Bought a scroll of identify for 62 gold pieces
 14403 | D:11     | Noticed a phantasmal warrior
 14406 | D:11     | Noticed a death knight
 14770 | D:9      | HP: 3/87 [crocodile (8)]
 15333 | Lair:1   | Entered Level 1 of the Lair of Beasts
 16525 | Lair:1   | Upgraded the game from 0.21-a0-179-gd2bfb5f to 0.21-a0-184-g9126a74
 16574 | Lair:2   | Found a labyrinth entrance.
 16608 | Lair:2   | Found a hazy altar of Hepliaklqana.
 16617 | Lair:2   | Found a shadowy altar of Dithmenos.
 16629 | Lair:2   | Reached skill level 5 in Dodging
 16898 | Lair:2   | Noticed Nergalle
 17674 | Lair:2   | Killed Nergalle
 17674 | Lair:2   | Reached XP level 12. HP: 89/94 MP: 12/12
 17937 | Lair:3   | Reached skill level 1 in Evocations
 17940 | Lair:3   | Found a hole to the Spider Nest.
 19092 | Lair:3   | Reached skill level 5 in Evocations
 21087 | Lair:3   | Reached skill level 1 in Staves
 21456 | Lair:4   | Noticed a death yak
 21470 | Lair:4   | Found a staircase to the Swamp.
 21500 | Lair:3   | Gained mutation: You are in touch with the powers of death. [Mummy growth]
 21500 | Lair:3   | Reached XP level 13. HP: 65/99 MP: 19/19
 22811 | Lair:4   | Reached skill level 5 in Staves
 23266 | Lair:4   | Noticed Nessos
 23279 | Lair:4   | Killed Nessos
 23340 | Lair:5   | Noticed craynaar's ghost (journeyman MfIE)
 23724 | Lair:5   | Found a glowing golden altar of the Shining One.
 24168 | Lair:5   | Killed craynaar's ghost
 24232 | Lair:5   | Found a staircase to the Slime Pits.
 26210 | Lair:5   | Reached XP level 14. HP: 85/106 MP: 20/20
 26327 | Lair:6   | Entered Level 6 of the Lair of Beasts
 26558 | Lair:6   | Reached skill level 10 in Staves
 26625 | Lair:6   | Found a deep blue altar of Sif Muna.
 26643 | Lair:6   | Identified the Volume of the Mutagenic Entourage
 31112 | Lair:6   | Reached skill level 10 in Fighting
 31774 | Orc:1    | Entered Level 1 of the Orcish Mines
 31774 | Orc:1    | Found a flagged portal.
 31780 | Bailey   | Entered a bailey
 31785 | Bailey   | Noticed an orc warlord
 31797 | Bailey   | Noticed UltraMegaBob's ghost (novice MiFi)
 31923 | Bailey   | Found a runed gate.
 31925 | Bailey   | Found a runed gate.
 31927 | Bailey   | Found a runed gate.
 32062 | Bailey   | Killed UltraMegaBob's ghost
 32064 | Bailey   | Killed an orc warlord
 32080 | Bailey   | Got an ancient arbalest
 32096 | Bailey   | Identified the cursed +0 arbalest "Abess" {venom, rN+ Str+4 Dex-2} (You found it in a bailey)
 32361 | Orc:2    | Entered Level 2 of the Orcish Mines
 32542 | Orc:2    | Found a staircase to the Elven Halls.
 32571 | Orc:2    | Noticed Maurice
 32583 | Orc:2    | Killed Maurice
 32583 | Orc:2    | Reached XP level 15. HP: 112/118 MP: 21/21
 34435 | Orc:2    | Found Jewes's Assorted Antiques.
 34438 | Orc:2    | Found Byareg's Distillery.
 34439 | Orc:2    | Found Yshaic's General Store.
 34440 | Orc:2    | Found Jolapn's Food Emporium.
 34448 | Orc:2    | Bought a pair of embroidered gloves for 277 gold pieces
 34448 | Orc:2    | Bought a ring of evasion for 74 gold pieces
 34448 | Orc:2    | Bought a scroll of teleportation for 111 gold pieces
 34452 | Orc:2    | Bought a lamp of fire for 480 gold pieces
 34452 | Orc:2    | Bought a scroll of identify for 24 gold pieces
 34711 | Orc:1    | Found Lets's General Store.
 34803 | Orc:1    | Bought a +0 buckler for 63 gold pieces
 34803 | Orc:1    | Bought a +0 pair of boots for 63 gold pieces
 34994 | Orc:1    | Bought a scroll of teleportation for 42 gold pieces
 34994 | Orc:1    | Bought +0 steam dragon scales for 560 gold pieces
 34994 | Orc:1    | Bought a scroll of remove curse for 42 gold pieces
 35230 | D:11     | Found Fintuaho's Food Boutique.
 35372 | D:11     | Bought a box of beasts for 620 gold pieces
 36477 | D:12     | Reached skill level 10 in Armour
 37414 | D:12     | Identified the Compendium of Supportive Clay
 38674 | D:13     | Found a gate to the Vaults.
 39433 | D:14     | Reached skill level 10 in Dodging
 39433 | D:14     | Reached XP level 16. HP: 114/125 MP: 22/22
 39901 | D:14     | HP: 5/125 [very large slime creature (39)]
 41075 | D:15     | Entered Level 15 of the Dungeon
 41550 | D:15     | Found a glowing golden altar of the Shining One.
 41585 | D:15     | Found a staircase to the Depths.
 42917 | Spider:1 | Entered Level 1 of the Spider Nest
 43586 | Spider:1 | Noticed Rhoefr's ghost (adept GnIE)
 43969 | Spider:1 | Killed Rhoefr's ghost
 43969 | Spider:1 | Reached skill level 10 in Evocations
 44565 | D:9      | Bought a scroll of enchant weapon for 112 gold pieces
 44565 | D:9      | Bought a scroll of enchant armour for 112 gold pieces
 44806 | Spider:1 | Noticed Roxanne
 45873 | Swamp:1  | Entered Level 1 of the Swamp
 46673 | Swamp:1  | Learned a level 2 spell: Blink
 46705 | Swamp:1  | Reached XP level 17. HP: 133/133 MP: 24/24
 47086 | Swamp:2  | Reached skill level 1 in Translocations
 48168 | Swamp:2  | Found a stormy altar of Qazlal.
 48231 | Swamp:2  | Noticed a tentacled monstrosity
 48250 | Swamp:2  | Killed a tentacled monstrosity
 48250 | Swamp:2  | Reached skill level 5 in Translocations
 49345 | Swamp:3  | Noticed Donald
 49379 | Swamp:3  | Killed Donald
 49400 | Swamp:3  | Identified Sellaikh's Guide on Earthen Poison
 49640 | Swamp:3  | Noticed Mara
 49659 | Swamp:3  | Killed Mara
 49730 | Swamp:3  | Noticed Kirke
 49745 | Swamp:3  | Killed Kirke
 49866 | Swamp:3  | Got a twisted war axe
 50287 | Swamp:4  | Entered Level 4 of the Swamp
 50608 | Swamp:4  | Noticed Nikola
 50863 | Swamp:3  | Killed Nikola
 51179 | Swamp:4  | Reached skill level 10 in Translocations
 51238 | Swamp:4  | Reached XP level 18. HP: 60/140 MP: 25/25
 51442 | Swamp:4  | Reached skill level 1 in Shields
 51492 | Swamp:4  | Reached skill level 2 in Shields
 51537 | Swamp:4  | Reached skill level 3 in Shields
 51709 | Swamp:4  | Reached skill level 4 in Shields
 51717 | Swamp:4  | Got a decaying rune of Zot
 52428 | Swamp:1  | Reached skill level 5 in Shields
 52527 | Lair:1   | Learned a level 3 spell: Gell's Gravitas
 52531 | Lair:1   | Learned a level 3 spell: Teleport Other
 52609 | Spider:2 | Noticed Asterion
 52759 | Spider:2 | Killed Asterion
 52772 | Spider:2 | Reached skill level 6 in Shields
 53456 | Spider:3 | Reached skill level 7 in Shields
 54057 | Spider:3 | Noticed Azrael
 54064 | Spider:3 | Killed Azrael
 54064 | Spider:3 | Reached skill level 8 in Shields
 54765 | Spider:4 | Entered Level 4 of the Spider Nest
 54793 | Spider:4 | Reached skill level 9 in Shields
 55194 | Spider:4 | Reached skill level 10 in Shields
 55724 | Spider:4 | Reached XP level 19. HP: 143/146 MP: 26/26
 56137 | Spider:3 | Reached skill level 11 in Shields
 57289 | Spider:4 | Got a gossamer rune of Zot
 57356 | Spider:4 | Reached skill level 12 in Shields
 57812 | Lair:1   | Learned a level 3 spell: Lesser Beckoning
 57828 | D:9      | Bought runed fire dragon scales for 2142 gold pieces
 58009 | Vaults:1 | Entered Level 1 of the Vaults
 58417 | Vaults:1 | Reached skill level 13 in Shields
 59075 | Vaults:1 | Reached skill level 14 in Shields
 59163 | Vaults:1 | Reached XP level 20. HP: 138/153 MP: 27/27
 59613 | Vaults:1 | Found Paaxtaeh's Jewellery Emporium.
 59621 | Vaults:1 | Bought an uncursed ring of protection from fire for 350 gold pieces
 59621 | Vaults:1 | Bought the ring "Sirucaez" {rElec Str+4 SInv} for 523 gold pieces
 59867 | Vaults:2 | Noticed Saint Roka
 59900 | Vaults:2 | Killed Saint Roka
 59900 | Vaults:2 | Reached skill level 15 in Shields
 60155 | Vaults:2 | Found Yhih Pojy's Jewellery Boutique.
 60195 | Vaults:2 | Found a staircase to the Crypt.
 60443 | Vaults:2 | Found Momidd's Jewellery Emporium.
 60457 | Vaults:2 | Noticed Jorgrun
 60470 | Vaults:2 | Killed Jorgrun
 60476 | Vaults:2 | Bought the amulet of Curiosity {rElec Regen+ Int+2} for 771 gold pieces
 60570 | Vaults:2 | Found Peorgh Le Her's Gadget Shoppe.
 60596 | Vaults:2 | Bought a box of beasts for 300 gold pieces
 60596 | Vaults:2 | Bought a wand of clouds (1/9) for 225 gold pieces
 60648 | Vaults:2 | Noticed Aizul
 60671 | Vaults:2 | Killed Aizul
 60943 | Vaults:2 | Found Faluissieg's Jewellery Boutique.
 60947 | Vaults:2 | Bought the ring "Lesoalloyzu" {rF++ MR+ Int-4} for 698 gold pieces
 61094 | Vaults:2 | Noticed Margery
 61122 | Vaults:2 | Killed from afar by Margery

Vault maps used:
D:1:      dpeg_arrival_signposts
D:2:      old_standard_altar, uniq_terence, uniq_natasha, uniq_sigmund
D:4:      corexii_shantytown, lemuel_round_altar, minmay_joined_circles
D:5:      bloody_trog, cheibriados_altar_1, tgw_sif, first_bread,
          grunt_ministairs_15, serial_bayou_ford_a,
          minmay_misc_feat_more_columns
D:6:      hangedman_cross_stitches, gammafunk_temple_overflow_arena,
          nicolae_overflow_hidden_temple, old_standard_altar,
          gammafunk_temple_overflow_elements, minmay_temple_entry_statues
D:7:      old_standard_altar, hangedman_decor_riveting, uniq_menkaure,
          uniq_prince_ribbit1, uniq_duvessa
D:8:      fedhas_altar_decomposition
D:9:      cheibrodos_iron_armory, lair_entry_dummy, david_orc_5,
          xom_teletrap_fun
D:11:     serial_shops, shop, nicolae_shop_statue_plus
D:12:     minmay_the_grid_3x2, serial_column_ruins, column_ruins_square_large,
          column_ruins_columns_corner, column_ruins_grid_1,
          column_ruins_open_small_water, column_ruins_open_tiny,
          column_ruins_grid_1, column_ruins_columns_straight, grunt_livestock,
          grunt_ministairs_12
D:13:     erik_vaults_2
D:15:     hangedman_depths_entry_try_elsewhere_first, tso_altar,
          nrook_mini_backslash, corexii_checkpoint_a, serial_bayou_pond_e
Temple:   cyrus_temple_forest
Lair:1:   small_statue_intersection, columned_hall_lemuel
Lair:2:   basic_altar, lab_entry_generic, lemuel_centaur_altar, uniq_nergalle
Lair:3:   regret_index_tunnel_blossom, spider_nest_entry_rubble, st_stairs_10
Lair:4:   minmay_swamp_entry_worms, uniq_nessos
Lair:5:   minmay_slime_entry_jelly_boxes, basic_altar, beast_lair_carwin_7
Lair:6:   grunt_lair_end_beastmaster, basic_altar, st_stairs_11,
          nicolae_quartered_pool_medium
Swamp:1:  evilmike_swamp_ruin_house_4
Swamp:2:  nicolae_swamp_godswood, swamp_pool1, hangedman_swamp_pad
Swamp:3:  nicolae_swamp_dense_foliage, statue_in_the_mist_lemuel,
          infiniplex_staircase_pool, uniq_donald, uniq_kirke, uniq_mara
Swamp:4:  swamp_basic_johnstein, swamp_pool2, uniq_nikola
Spider:1: uniq_roxanne
Spider:2: uniq_asterion
Spider:3: lemuel_spider_zombies, nicolae_spider_ant_collections, uniq_azrael
Spider:4: grunt_spider_rune_parallel, spider_trap
Orc:1:    enter_bailey_2, serial_shops, nicolae_shop_waterfront,
          nicolae_orc_rockfall
Orc:2:    st_orc_pillars, uniq_maurice
Vaults:1: grunt_vaults_funnel, v_misc_30, v_alt_pattern_4,
          nicolae_vaults_rhombus_7, v_misc_2, nicolae_vaults_asterisk,
          v_rooms_5, v_alt_pattern_5, vaults_mumra_minichess,
          ontoclasm_vaults_pinch, vaults_room_semicircle,
          nicolae_vaults_specimen_jars, nicolae_vaults_meeting, serial_shops,
          shop
Vaults:2: minmay_crypt_entry_simple_round, vaults_room_fancy_cross, v_rooms_2,
          ontoclasm_vaults_loading_screen, ontoclasm_vaults_chip,
          vaults_room_ringed_pool, nicolae_vaults_murderbox, serial_shops,
          nicolae_shop_waterfront, shop, shop_fountains, shop, uniq_margery,
          uniq_aizul, uniq_saint_roka, uniq_jorgrun
Bailey:   bailey_axe_bossmonster_kennysheep, bailey

Skill      XL: |  1  2  3  4  5  6  7  8  9 10 11 12 13 14 15 16 17 18 19 20 |
---------------+-------------------------------------------------------------+-----
Maces & Flails | 3 4 5 6 8 10 12 | 12.5
Fighting       | 8 11 12 | 12.0
Armour         | 3 7 10 | 10.0
Dodging        | 6 7 10 11 12 | 12.5
Evocations     | 8 10 | 10.2
Staves         | 2 9 12 | 12.1
Translocations | 10 | 10.4
Shields        | 10 14 15 | 15.1
Stealth        | |  1.5

Action                   |  1- 3 |  4- 6 |  7- 9 | 10-12 | 13-15 | 16-18 | 19-21 || total
-------------------------+-------+-------+-------+-------+-------+-------+-------++-------
Melee: Mace              |    82 |   199 |       |       |       |       |       ||   281
       Flail             |       |    78 |   458 |  1236 |    57 |    84 |       ||  1913
       Lajatang          |       |       |       |    33 |  1598 |  1440 |       ||  3071
       Demon whip        |       |       |       |       |       |   661 |  1226 ||  1887
Throw: Javelin           |     5 |    12 |    14 |     2 |     9 |     1 |       ||    43
 Cast: Blink             |       |       |       |       |       |     1 |     1 ||     2
       Gell's Gravitas   |       |       |       |       |       |       |     1 ||     1
Invok: Potion Petition   |       |       |     1 |     5 |     6 |     5 |     1 ||    18
       Call Merchant     |       |       |       |       |       |     2 |       ||     2
 Abil: Evoke Invisibilit |       |       |       |     2 |    22 |    14 |    14 ||    52
Evoke: Wand              |       |     5 |    13 |    34 |     6 |    22 |     4 ||    84
       Box of beasts     |       |       |       |       |     1 |       |       ||     1
       Sack of spiders   |       |       |       |       |       |     5 |     2 ||     7
       Lightning rod     |       |       |       |       |       |     8 |       ||     8
       Lamp of fire      |       |       |       |       |       |     3 |     2 ||     5
  Use: Scroll            |     1 |    10 |    10 |    15 |    16 |    23 |    11 ||    86
 Stab: Sleeping          |     2 |       |       |     4 |     4 |     2 |     1 ||    13
       Distracted        |     1 |       |     2 |    10 |    13 |    20 |     8 ||    54
       Invisible         |       |       |     3 |    11 |    77 |    67 |    63 ||   221
       Paralysed         |       |       |       |     1 |       |       |       ||     1
       Confused          |       |       |       |    13 |     1 |       |       ||    14
       Petrified         |       |       |       |       |     8 |       |       ||     8
       Petrifying        |       |       |       |       |     1 |       |       ||     1
       Held in net/web   |       |       |       |       |       |     5 |       ||     5
Armor: Robe              |    13 |       |       |       |       |       |       ||    13
       Scale mail        |     4 |    65 |   113 |   353 |   242 |       |       ||   777
       Leather armour    |       |       |       |       |    61 |       |       ||    61
       Storm dragon scal |       |       |       |       |    81 |       |       ||    81
       Plate armour      |       |       |       |       |    43 |       |       ||    43
       Pearl dragon scal |       |       |       |       |    17 |  1142 |   256 ||  1415
Dodge: Dodged            |    55 |   157 |   249 |   791 |  1020 |  2085 |   459 ||  4816
Block: Other             |       |    15 |    68 |   201 |   230 |   136 |       ||   650
       Reflection        |       |       |     4 |     5 |    12 |     3 |    21 ||    45
       Buckler           |       |       |       |       |       |   158 |    54 ||   212
       Shield            |       |       |       |       |       |       |   366 ||   366
